AoeStats
← cmd

Lombardia

509701587Analyzed
3v3 RM · 4d ago on Sep 27, 2026· 44m 18s· 6 players
Game mode
Random Map
Map size
Normal (6 player)
Population
200
Speed
Normal
Resources
Standard
Victory
Conquest
Starting age
Dark Age
Ending age
Imperial Age
RankedLock teamsTeams togetherTeam positionsShared explorationLock speedFull tech treeHidden civsTurbo modeCheats
Victory
Defeat
🇩🇪 Lithuanians · Germany
999
+14
🇩🇪 Bulgarians · Germany
980
+14
🇩🇪 Poles · Germany
945
+15
🇩🇪 Magyars · Germany
978
-16
🇩🇪 Japanese · Germany
941
-14
🇩🇪 Franks · Germany
911
-13
helo
9:17 Loom
11:30 Feudal Age
12:40 Double-Bit Axe
13:16 Horse Collar
17:55 Castle Age
16:29 Gold Mining
19:41 Crossbowman
20:52 Fletching
24:49 Padded Archer Armor
26:48 Wheelbarrow
27:42 Thumb Ring
29:49 Gold Shaft Mining
30:15 Bodkin Arrow
32:02 Hand Cart
32:10 Leather Archer Armor
35:46 Imperial Age
35:49 Arbalester
36:59 Ballistics
37:39 Chemistry
36:31 Guard Tower
36:38 Murder Holes
36:24 Treadmill Crane
37:38 Town Watch
38:28 Bracer
38:59 Ring Archer Armor
40:36 Town Patrol
40:49 Yasama
40:42 Pikeman
41:23 Squires
41:08 Gambesons
41:09 Arson
44:05 Keep
43:17 Arrowslits
noname
8:27 Loom
11:05 Feudal Age
11:55 Horse Collar
12:04 Double-Bit Axe
14:41 Wheelbarrow
14:56 Bloodlines
18:10 Fletching
18:20 Padded Archer Armor
22:56 Castle Age
21:49 Town Watch
23:25 Bloodlines
27:30 Bow Saw
28:03 Heavy Plow
28:28 Light Cavalry
28:34 Light Cavalry
30:41 Gold Mining
30:41 Stone Mining
34:28 Gold Shaft Mining
36:34 Hand Cart
37:17 Ballistics
37:08 Masonry
36:39 Treadmill Crane
37:13 Masonry
37:24 Ballistics
36:59 Guard Tower
37:29 Caravan
42:01 Imperial Age
40:16 Thumb Ring
42:35 Heavy Cavalry Archer
43:40 Parthian Tactics
43:18 Recurve Bow
43:19 Corvinian Army
42:40 Elite Magyar Huszar
43:55 Hoardings
43:41 Conscription
43:54 Bodkin Arrow
44:15 Leather Archer Armor
44:05 Scale Barding Armor
44:21 Town Patrol
cmd
11:43 Loom
13:28 Feudal Age
17:54 Castle Age
17:53 Double-Bit Axe
29:36 Bow Saw
30:04 Gold Mining
31:17 Stone Mining
32:54 Wheelbarrow
34:20 Gold Shaft Mining
37:52 Imperial Age
35:41 Hand Cart
37:15 Scale Barding Armor
37:20 Forging
37:55 Husbandry
38:55 Cavalier
40:29 Chain Barding Armor
40:45 Iron Casting
41:29 Pikeman
42:10 Squires
42:08 Halberdier
biernot
12:10 Feudal Age
12:59 Double-Bit Axe
14:08 Forging
15:11 Arson
22:07 Castle Age
20:41 Loom
21:32 Wheelbarrow
20:39 Horse Collar
21:54 Scale Barding Armor
21:50 Scale Mail Armor
22:11 Stone Mining
24:40 Bow Saw
26:07 Light Cavalry
26:57 Bloodlines
26:49 Husbandry
28:52 Heavy Plow
30:16 Hand Cart
36:53 Masonry
36:39 Murder Holes
37:04 Ballistics
37:22 Iron Casting
37:07 Chain Barding Armor
41:31 Herbal Medicine
41:48 Fervor
45:03 Imperial Age
42:19 Town Watch
43:43 Stone Shaft Mining
43:04 Gold Mining
43:16 Town Patrol
44:14 Chain Mail Armor
Achilles
12:58 Feudal Age
13:27 Double-Bit Axe
13:28 Horse Collar
17:34 Castle Age
19:18 Loom
20:24 Wheelbarrow
23:47 Gold Mining
24:19 Town Watch
24:31 Stone Mining
26:47 Stone Shaft Mining
28:02 Hand Cart
31:46 Imperial Age
29:35 Hill Forts
30:37 Heavy Plow
33:00 Conscription
32:43 Tower Shields
33:12 Caravan
33:37 Ballistics
32:57 Treadmill Crane
37:16 Scale Barding Armor
37:22 Forging
37:02 Fletching
37:10 Murder Holes
37:25 Fortified Wall
37:24 Elite Leitis
41:17 Chain Barding Armor
41:33 Iron Casting
40:53 Bodkin Arrow
42:04 Hoardings
44:07 Plate Barding Armor
Gentleman No. 7
12:47 Feudal Age
15:07 Double-Bit Axe
17:46 Castle Age
15:50 Horse Collar
17:13 Stone Mining
17:13 Loom
17:58 Bloodlines
17:58 Light Cavalry
19:14 Scale Barding Armor
19:25 Bow Saw
22:46 Heavy Plow
31:02 Imperial Age
30:34 Husbandry
31:44 Szlachta Privileges
32:48 Wheelbarrow
33:10 Gold Mining
33:51 Crop Rotation
33:45 Conscription
34:53 Cavalier
35:58 Winged Hussar
37:36 Stone Shaft Mining
37:54 Hand Cart
38:40 Chain Barding Armor
38:32 Forging
39:53 Town Watch
41:09 Iron Casting
40:35 Scale Mail Armor
Connection lost

Rejoining the realm…

Still unreachable

The connection could not be restored.

Session expired

The server has moved on; the page needs a fresh start.